 Dungeon Crawl Stone Soup version 0.23.2-1-ga50397a (webtiles) character file.

Game seed: 15161568006591403413

9039 classetmb the Basher (level 11, -1/81 HPs)
             Began as a Human Fighter on May 19, 2019.
             Was a Priest of the Shining One.
             Slain by a yak (10 damage)
             ... on level 11 of the Dungeon on May 21, 2019.
             The game lasted 03:28:06 (12650 turns).

classetmb the Basher (Human Fighter)               Turns: 12650, Time: 03:28:07

Health: -1/81      AC: 16    Str: 25    XL:     11   Next: 67%
Magic:  9/11       EV:  6    Int:  9    God:    the Shining One [***...]
Gold:   36         SH: 14    Dex: 12    Spells: 11/11 levels left

rFire    . . .     SeeInvis .   B - +4 flail (freeze)
rCold    + . .     Gourm    .   W - +3 buckler
rNeg     + . .     Faith    .   r - +0 plate armour {rPois}
rPois    +         Spirit   .   N - +0 helmet
rElec    .         Reflect  .   (no cloak)
rCorr    .         Harm     .   (no gloves)
MR       +....                  (no boots)
Stlth    ..........             u - amulet of rage
HPRegen  0.23/turn              C - ring of protection from cold
MPRegen  0.12/turn              x - +4 ring of protection

@: mighty, divine shield, about to teleport, glowing, studying Stealth
A: low mp 1, magic resistance 1, poison resistance, subdued magic 1
a: Divine Shield, Renounce Religion, Evoke Berserk Rage


You were on level 11 of the Dungeon.
You worshipped the Shining One.
The Shining One was most pleased with you.
You were not hungry.

You visited 2 branches of the dungeon, and saw 12 of its levels.

You collected 603 gold pieces.
You spent 567 gold pieces at shops.

Inventory:

Hand Weapons
 a - a +0 long sword
 d - a +1 dagger of protection
 h - a +0 falchion
 j - a +0 short sword
 k - a +5 morningstar
 o - a +2 flail of holy wrath
 q - a +0 flail
 t - a +0 whip
 z - a cursed -1 hunting sling
 B - a +4 flail of freezing (weapon)
 D - a +2 vampiric short sword
 H - a +2 shortbow of freezing
 I - a +0 double sword
 J - a +0 flail
 O - a +0 falchion of electrocution
 P - a +3 battleaxe
 Z - a +0 mace
Armour
 b - a +0 scale mail
 c - a +0 shield
 g - a cursed +0 leather armour
 r - a +0 plate armour of poison resistance (worn)
 y - a +2 chain mail of fire resistance
 F - the cursed +0 chain mail "Sirchomp" {+Inv MR++ rCorr SInv, unknown}
   (You found it on level 11 of the Dungeon)

   It affects your resistance to hostile enchantments.
   It lets you see invisible.
   It lets you turn invisible.
   It provides partial protection from all sources of acid and corrosion.
   It has a curse placed upon it.
 N - a +0 helmet (worn)
 W - a +3 buckler (worn)
 Y - a +0 plate armour
Jewellery
 i - an uncursed amulet of the acrobat
 n - an uncursed ring of ice
 u - an amulet of rage (around neck)
 w - an uncursed ring of resist corrosion
 x - a +4 ring of protection (right hand)
 C - a ring of protection from cold (left hand)
 T - an uncursed ring of wizardry
 V - an uncursed ring of protection from magic
Wands
 p - a wand of polymorph (9)
 X - a wand of iceblast (8)
Scrolls
 e - 2 scrolls of identify
 v - 7 scrolls of remove curse
 G - a scroll of magic mapping
Potions
 m - a potion of brilliance
 E - 2 potions of haste
 M - a potion of magic
 U - a potion of flight
Books
 R - a manual of Stealth
Comestibles
 f - 8 rations
 s - 22 chunks of flesh


   Skills:
 + Level 6.2 Fighting
 - Level 0.5(5.0) Short Blades
 + Level 8.1 Long Blades
 * Level 10.8 Maces & Flails
 - Level 0.2(4.1) Slings
 + Level 6.7 Throwing
 - Level 3.1 Armour
 + Level 6.9 Shields
 + Level 0.6 Unarmed Combat
 + Level 0.5 Spellcasting
 - Level 2.0 Evocations


You had 11 spell levels left.
You didn't know any spells.
Your spell library contained the following spells:

 Spells                   Type           Power        Failure   Level  Hunger
 Animate Skeleton         Necr           N/A          99%         1    ##.....
 Apportation              Tloc           #.....       99%         1    ##.....
 Beastly Appendage        Tmut           #.....       99%         1    ##.....
 Confusing Touch          Hex            #.....       99%         1    ##.....
 Summon Small Mammal      Summ           #...         99%         1    ##.....
 Sticks to Snakes         Tmut           #.......     100%        2    ###....
 Spider Form              Tmut/Pois      #.........   100%        3    ####...
 Ice Form                 Ice/Tmut       #.......     100%        4    #####..
 Blade Hands              Tmut           #.........   100%        5    ######.


Dungeon Overview and Level Annotations

Branches:
Dungeon (11/15)            Temple (1/1) D:4             Orc (0/2) D:9
   Lair: D:8-11

Altars:
Ashenzari
Cheibriados
Dithmenos
Elyvilon
Fedhas
Gozag
Hepliaklqana
Kikubaaqudgha
Makhleb
Nemelex Xobeh
Okawaru
Qazlal
Ru
Sif Muna
Trog
Uskayaw
Vehumet
Wu Jian
Xom
Yredelemnul
Zin
The Shining One

Shops:
D:9 ([   D:10 **=


Innate Abilities, Weirdness & Mutations

Your magical capacity is low. (-10% MP)
You are resistant to hostile enchantments. (MR+)
Your system is resistant to poisons. (rPois)
Your spells are a little easier to cast, but a little less powerful.


Message History

There are monsters nearby!
You fail to use your ability.
You block the bullfrog's attack. The yak gores you but does no damage.
The yak gores you!
* * * LOW HITPOINT WARNING * * *
The yak gores you but does no damage. The yak gores you.
* * * LOW HITPOINT WARNING * * *
The bullfrog hits you but does no damage.
You feel very mighty all of a sudden. The yak gores you.
* * * LOW HITPOINT WARNING * * *
The bullfrog hits you but does no damage.
The yak gores you but does no damage. You block the yak's attack.
The yak gores you.
* * * LOW HITPOINT WARNING * * *
As you read the scroll of teleportation, it crumbles to dust.
You feel strangely unstable.
The bullfrog hits you but does no damage.
You block the yak's attack. The yak gores you but does no damage.
The yak gores you!
You die...

................
#..............
#.........(....
#..............
#..........((..
#............(.
#..............
#.^.YFY........
#....@†........
############....YY........
.....(...÷.÷..............
.#########################
.# .# .# .# .#


You could see 4 yaks and a bullfrog.

Vanquished Creatures
  A two-headed ogre (D:9)
  2 unseen horrors
  A cyclops (D:11)
  A gargoyle (D:10)
  A troll (D:9)
  A spriggan (D:6)
  A vampire (D:9)
  8 yaks
  2 hungry ghosts
  Edmund (D:6)
  3 orc warriors
  3 ice beasts
  A sky beast (D:7)
  A black bear (D:9)
  2 phantoms
  7 ogres
  A wolf (D:11)
  8 centaurs
  2 big kobolds
  4 bullfrogs
  A scorpion (D:5)
  9 killer bees
  5 wights
  A howler monkey (D:6)
  2 crimson imps
  2 bullfrog zombies
  A centaur skeleton (D:6)
  9 hounds
  3 orc priests
  A jelly (D:7)
  3 bullfrog skeletons
  10 orc wizards
  3 worker ants
  4 iguanas
  2 killer bee zombies (D:6)
  A hound zombie (D:6)
  A howler monkey skeleton (D:6)
  6 adders
  A shadow imp (D:9)
  2 adder skeletons (D:4)
  An adder zombie (D:10)
  2 worms
  4 dart slugs
  11 leopard geckos
  36 orcs
  5 giant cockroaches
  4 goblins
  10 hobgoblins
  6 jackals
  2 quokkas
  4 ball pythons
  8 bats
  A frilled lizard (D:5)
  15 kobolds
  A leopard gecko skeleton (D:9)
  8 rats
236 creatures vanquished.

Notes
Turn   | Place    | Note
-------+----------+-------------------------------------------
     0 | D:1      | classetmb the Human Fighter began the quest for the Orb.
     0 | D:1      | Reached XP level 1. HP: 18/18 MP: 1/1
   142 | D:1      | Reached XP level 2. HP: 24/24 MP: 2/2
   681 | D:1      | Reached XP level 3. HP: 28/29 MP: 3/3
  1655 | D:2      | Reached XP level 4. HP: 35/35 MP: 4/4
  1992 | D:3      | Noticed a bullfrog
  2002 | D:3      | Killed a bullfrog
  2002 | D:3      | Reached XP level 5. HP: 34/41 MP: 5/5
  2273 | D:3      | Found a glowing golden altar of the Shining One.
  2273 | D:3      | Found a glowing silver altar of Zin.
  2754 | D:3      | Gained mutation: Your magical capacity is low. (-10% MP)
                  | [potion of mutation]
  2754 | D:3      | Gained mutation: Your spells are a little easier to cast,
                  | but a little less powerful. [potion of mutation]
  2754 | D:3      | Gained mutation: Your system is resistant to poisons.
                  | (rPois) [potion of mutation]
  2754 | D:3      | Gained mutation: You are resistant to hostile enchantments.
                  | (MR+) [potion of mutation]
  2757 | D:3      | Reached XP level 6. HP: 47/47 MP: 6/6
  3048 | D:3      | Found a radiant altar of Vehumet.
  3185 | D:3      | Became a worshipper of Vehumet
  3281 | D:3      | Fell from the grace of Vehumet
  3281 | D:3      | Became a worshipper of the Shining One
  3330 | D:4      | Noticed a phantom
  3343 | D:4      | Killed a phantom
  3343 | D:4      | Reached skill level 1 in Throwing
  3490 | D:4      | Reached skill level 5 in Long Blades
  3585 | D:4      | Reached XP level 7. HP: 52/52 MP: 6/6
  3653 | D:4      | Found a staircase to the Ecumenical Temple.
  4768 | Temple   | Entered the Ecumenical Temple
  5177 | D:5      | Entered Level 5 of the Dungeon
  5301 | D:6      | Reached XP level 8. HP: 55/59 MP: 7/7
  5332 | D:6      | Reached * piety under the Shining One
  5735 | D:6      | Got a blackened plate armour
  5736 | D:6      | Identified the cursed +0 plate armour of Jaimo {*Corrode
                  | rN+++ Str-5 SInv} (You found it on level 6 of the Dungeon)
  5854 | D:6      | Noticed Edmund
  5883 | D:6      | Killed Edmund
  5904 | D:6      | Was forgiven by Vehumet
  6242 | D:5      | Found a burning altar of Makhleb.
  6242 | D:5      | Noticed a blizzard demon
  6247 | D:5      | Noticed a hellwing
  6247 | D:5      | Noticed an orange demon
  6288 | D:5      | Reached skill level 1 in Maces & Flails
  6288 | D:5      | Reached skill level 5 in Shields
  6747 | D:6      | Reached XP level 9. HP: 65/65 MP: 8/8
  6892 | D:6      | Reached skill level 2 in Maces & Flails
  7360 | D:7      | Reached skill level 3 in Maces & Flails
  7383 | D:6      | Reached skill level 4 in Maces & Flails
  7781 | D:7      | Reached ** piety under the Shining One
  8106 | D:7      | Reached skill level 5 in Maces & Flails
  8496 | D:7      | Found a sacrificial altar of Ru.
  8496 | D:7      | Found a stormy altar of Qazlal.
  8972 | D:8      | Reached skill level 6 in Maces & Flails
  9236 | D:8      | Noticed an unseen horror
  9242 | D:8      | Killed an unseen horror
  9242 | D:8      | Reached skill level 7 in Maces & Flails
  9242 | D:8      | Reached XP level 10. HP: 60/73 MP: 9/9
  9308 | D:8      | Found a hide-covered altar of Uskayaw.
  9309 | D:8      | Found a white marble altar of Elyvilon.
  9311 | D:8      | Found an iron altar of Okawaru.
  9464 | D:9      | Noticed a two-headed ogre
  9476 | D:9      | Killed a two-headed ogre
  9476 | D:9      | Reached skill level 5 in Fighting
  9476 | D:9      | Reached skill level 8 in Maces & Flails
  9476 | D:9      | Reached skill level 5 in Throwing
  9476 | D:9      | Reached skill level 1 in Evocations
 10045 | D:9      | Found Xeommiy's Armour Boutique.
 10061 | D:9      | Found a staircase to the Orcish Mines.
 10147 | D:9      | Bought a +0 plate armour of poison resistance for 297 gold
                  | pieces
 10522 | D:9      | Found Tat Ahor's Antique Weapon Shoppe.
 10653 | D:10     | Entered Level 10 of the Dungeon
 10679 | D:10     | Reached skill level 9 in Maces & Flails
 10980 | D:10     | Noticed a gargoyle
 10988 | D:10     | Killed a gargoyle
 11062 | D:10     | Found Miekk's General Store.
 11064 | D:10     | Reached XP level 11. HP: 73/80 MP: 11/11
 11101 | D:10     | Bought a potion of might for 64 gold pieces
 11101 | D:10     | Bought a scroll of magic mapping for 56 gold pieces
 11124 | D:10     | Reached *** piety under the Shining One
 11163 | D:10     | Found Offen's Jewellery Shop.
 11475 | D:10     | Reached skill level 10 in Maces & Flails
 11786 | D:10     | Found Gungi's General Store.
 11789 | D:10     | Bought a potion of haste for 150 gold pieces
 11934 | D:11     | Got a fine chain mail
 12019 | D:11     | Noticed a cyclops
 12036 | D:11     | HP: 4/81 [wolf (2)]
 12407 | D:11     | Noticed an unseen horror
 12415 | D:11     | Killed an unseen horror
 12558 | D:11     | Killed a cyclops
 12650 | D:11     | Slain by a yak

Skill      XL: |  1  2  3  4  5  6  7  8  9 10 11 |
---------------+----------------------------------+-----
Long Blades    | 3 4 5 6 7 8 |  8.1
Shields        | 4 5 6 |  6.9
Throwing       | 1 2 3 4 6 |  6.7
Maces & Flails | 1 7 9 10 | 10.8
Fighting       | 4 5 6 |  6.2
Evocations     | 1 2 |  2.0
Short Blades   | |  0.5
Slings         | |  0.2
Armour         | |  3.1
Unarmed Combat | |  0.6
Spellcasting   | |  0.5

Action                   |  1- 3 |  4- 6 |  7- 9 | 10-12 || total
-------------------------+-------+-------+-------+-------++-------
Melee: Long sword        |   103 |   175 |   160 |       ||   438
       Flail             |       |       |   141 |   191 ||   332
       Double sword      |       |       |       |    21 ||    21
Throw: Stone             |     4 |       |       |       ||     4
       Javelin           |       |    42 |    73 |    60 ||   175
       Tomahawk          |       |       |     5 |    14 ||    19
Invok: Divine Shield     |       |       |     2 |     5 ||     7
 Abil: Evoke Berserk Rag |       |       |     3 |     4 ||     7
  Use: Potion            |     3 |     6 |     5 |     6 ||    20
       Scroll            |     2 |     6 |    13 |     3 ||    24
  Eat: Ration            |     1 |     1 |     6 |     5 ||    13
       Chunk             |       |     4 |     3 |     3 ||    10
Armor: Scale mail        |    42 |       |       |       ||    42
       Chain mail        |     1 |    99 |   232 |    12 ||   344
       Skin              |       |     9 |       |       ||     9
       Plate armour      |       |       |       |   133 ||   133
Dodge: Dodged            |    47 |    52 |   138 |    44 ||   281
Block: Shield            |    64 |    63 |       |       ||   127
       Buckler           |       |    10 |   151 |   134 ||   295
       Rpst.: Long sword |    14 |    17 |    23 |       ||    54
